General information
- name: BNet
- type: Ladder team game (AT/RT)
- host: Battle.net
- saver: UlanDhor
map: Deadlock
- players: 8
- length: 33:46
- speed: Fast
- version: 1.28 W3XP
- replay type: Public
» download(267 KB)
Players
team 1 (loser)
astronautben (
orange | 63 APM | 1051 actions | 16:33)
3 Demon Hunter
2 Mana Burn
1 Evasion
2 Priestess of the Moon
1 Trueshot Aura
1 Searing Arrows
» actions
| Assign group hotkey | 11 | |
| Basic commands | 5 | |
| Build / train | 51 | |
| ESC pressed | 2 | |
| Enter build submenu | 18 | |
| Enter hero's abilities submenu | 5 | |
| Right click | 573 | |
| Select / deselect | 283 | |
| Select group hotkey | 57 | |
| Use ability | 46 | |
1051 total
» units
» upgrades
| Improved Bows | 1 | |
| Strength of the Moon | 1 | |
| Hippogryph Taming | 1 | |
| Moon Armor | 1 | |
| Marksmanship | 1 | |
5 total
» buildings
| Altar of Elders | 1 | |
| Moon Well | 4 | |
| Ancient of War | 2 | |
| Tree of Ages | 1 | |
| Hunter's Hall | 1 | |
| Tree of Life | 1 | |
| Ancient Protector | 3 | |
| Ancient of Wind | 2 | |
| Tree of Eternity | 1 | |
| Ancient of Wonders | 1 | |
17 total
» build order
00:08 Altar of Elders
00:10 Moon Well
01:15 Ancient of War
01:23 Ancient of War
01:34 Moon Well
02:52 Moon Well
04:04 Tree of Ages
05:35 Hunter's Hall
06:50 Tree of Life
06:57 Ancient Protector
08:00 Ancient of Wind
08:00 Ancient of Wind
08:26 Moon Well
09:16 Tree of Eternity
09:26 Ancient of Wonders
12:19 Ancient Protector
12:27 Ancient Protector
» items
Raptors (
red | 98 APM | 3298 actions | 33:45)
6 Blademaster
3 Wind Walk
2 Critical Strike
1 Bladestorm
5 Shadow Hunter
3 Hex
2 Healing Wave
2 Tauren Chieftain
1 Endurance Aura
1 War Stomp
» actions
| Assign group hotkey | 103 | |
| Basic commands | 245 | |
| Build / train | 122 | |
| ESC pressed | 11 | |
| Enter build submenu | 66 | |
| Enter hero's abilities submenu | 15 | |
| Give item / drop item | 5 | |
| Remove unit from queue | 1 | |
| Right click | 943 | |
| Select / deselect | 379 | |
| Select group hotkey | 1222 | |
| Use ability | 186 | |
3298 total
» units
| Peon | 14 | |
| Grunt | 4 | |
| Wind Rider | 6 | |
| Kodo Beast | 1 | |
| Troll Batrider | 6 | |
| Raider | 2 | |
33 total
» upgrades
| Berserker Strength | 1 | |
| Melee Weapons | 2 | |
| Pillage | 2 | |
| Armor | 5 | |
| Ranged Weapons | 3 | |
| Reinforced Defenses | 2 | |
| Envenomed Spears | 1 | |
| War Drums Damage Increase | 1 | |
| Spiked Barricades | 2 | |
| Berserker Upgrade | 1 | |
| Troll Regeneration | 1 | |
| Ensnare | 1 | |
| Liquid Fire | 1 | |
| Shaman Training | 1 | |
24 total
» buildings
| Orc Burrow | 11 | |
| Altar of Storms | 1 | |
| Barracks | 1 | |
| Voodoo Lounge | 1 | |
| Stronghold | 2 | |
| War Mill | 2 | |
| Great Hall | 3 | |
| Fortress | 2 | |
| Watch Tower | 35 | |
| Beastiary | 2 | |
| Spirit Lodge | 1 | |
| Moon Well | 4 | |
65 total
» build order
00:09 Orc Burrow
00:50 Altar of Storms
01:03 Barracks
01:17 Orc Burrow
01:48 Voodoo Lounge
03:07 Orc Burrow
03:35 Stronghold
03:36 Stronghold
04:37 War Mill
06:09 Orc Burrow
07:13 Great Hall
07:42 Fortress
07:42 Fortress
07:49 Watch Tower
08:14 Watch Tower
08:21 Watch Tower
08:46 Beastiary
09:37 Beastiary
09:42 Watch Tower
11:58 Watch Tower
12:07 Watch Tower
13:05 Orc Burrow
13:10 Watch Tower
13:34 Orc Burrow
15:30 Watch Tower
16:13 Orc Burrow
16:23 Watch Tower
16:43 Watch Tower
16:46 Watch Tower
17:00 Watch Tower
17:09 Watch Tower
17:10 Watch Tower
17:10 Watch Tower
17:11 Watch Tower
17:31 Watch Tower
19:10 Watch Tower
19:11 Watch Tower
19:55 Watch Tower
19:57 Watch Tower
19:58 Watch Tower
21:18 Orc Burrow
21:19 Orc Burrow
21:25 Orc Burrow
21:30 Watch Tower
21:37 Watch Tower
22:40 Watch Tower
22:41 Watch Tower
22:42 Watch Tower
22:43 Watch Tower
23:09 Great Hall
23:13 Watch Tower
24:19 Watch Tower
24:20 Watch Tower
24:21 Watch Tower
24:22 Watch Tower
24:26 Watch Tower
24:26 Watch Tower
25:23 Orc Burrow
29:09 Great Hall
31:29 Spirit Lodge
31:45 Moon Well
31:54 Moon Well
31:56 Moon Well
31:56 Moon Well
32:49 War Mill
» items
| Healing Salve | 3 | |
| Lesser Clarity Potion | 5 | |
| Boots of Speed | 5 | |
| Orb of Lightning | 2 | |
| Potion of Lesser Invulnerability | 2 | |
| Periapt of Vitality | 2 | |
| Scroll of Town Portal | 1 | |
| Circlet of Nobility | 1 | |
| Staff of Teleportation | 1 | |
| Scroll of Protection | 1 | |
23 total

»
Let'sgodumb (
pink | 38 APM | 624 actions | 16:31)
2 Blademaster
1 Wind Walk
1 Critical Strike
» actions
| Assign group hotkey | 2 | |
| Build / train | 37 | |
| Enter build submenu | 22 | |
| Enter hero's abilities submenu | 2 | |
| Remove unit from queue | 1 | |
| Right click | 348 | |
| Select / deselect | 161 | |
| Use ability | 51 | |
624 total
» units
| Peon | 10 | |
| Troll Batrider | 10 | |
| Wind Rider | 2 | |
22 total
» upgrades
» buildings
| Altar of Storms | 1 | |
| Orc Burrow | 7 | |
| Voodoo Lounge | 1 | |
| War Mill | 1 | |
| Stronghold | 1 | |
| Watch Tower | 10 | |
| Beastiary | 3 | |
| Fortress | 1 | |
25 total
» build order
00:08 Altar of Storms
00:15 Orc Burrow
00:27 Voodoo Lounge
01:13 War Mill
03:00 Stronghold
03:05 Watch Tower
03:46 Watch Tower
04:09 Watch Tower
04:19 Watch Tower
04:25 Watch Tower
04:35 Watch Tower
04:50 Watch Tower
05:49 Watch Tower
06:25 Beastiary
07:21 Orc Burrow
07:22 Orc Burrow
07:23 Orc Burrow
07:23 Orc Burrow
07:56 Beastiary
08:06 Beastiary
08:20 Watch Tower
08:33 Watch Tower
10:20 Orc Burrow
10:21 Orc Burrow
14:26 Fortress
» items
| Healing Salve | 1 | |
| Lesser Clarity Potion | 2 | |
| Scroll of Speed | 2 | |
| Potion of Healing | 1 | |
| Orb of Venom | 1 | |
7 total
MajorNewbs (
purple | 33 APM | 549 actions | 16:49)
2 Blood Mage
1 Flame Strike
1 Siphon Mana
» actions
| Basic commands | 13 | |
| Build / train | 57 | |
| Enter build submenu | 16 | |
| Enter hero's abilities submenu | 2 | |
| Right click | 193 | |
| Select / deselect | 219 | |
| Use ability | 49 | |
549 total
» units
| Peasant | 16 | |
| Mortar Team | 7 | |
| Flying Machine | 14 | |
37 total
» upgrades
| Gunpowder | 3 | |
| Armor | 1 | |
| Flare | 1 | |
| Fragmentation Shards | 1 | |
| Flak Cannons | 1 | |
| Flying Machine Bombs | 1 | |
8 total
» buildings
| Farm | 8 | |
| Lumber Mill | 1 | |
| Altar of Kings | 1 | |
| Scout Tower | 1 | |
| Blacksmith | 1 | |
| Arcane Tower | 1 | |
| Keep | 1 | |
| Castle | 1 | |
| Workshop | 3 | |
| Arcane Vault | 1 | |
19 total
» build order
01:08 Farm
01:28 Lumber Mill
01:47 Altar of Kings
01:58 Farm
02:24 Scout Tower
02:46 Blacksmith
02:57 Arcane Tower
02:59 Keep
03:17 Farm
04:07 Farm
04:45 Farm
05:22 Farm
05:25 Castle
05:27 Workshop
05:29 Workshop
05:31 Workshop
07:07 Farm
11:40 Arcane Vault
12:02 Farm
» items
| Healing Salve | 2 | |
| Scroll of Speed | 2 | |
4 total
team 2 (winner)
yamom (
yellow | 30 APM | 999 actions | 33:42)
3 Blademaster
2 Wind Walk
1 Mirror Image
» actions
| Assign group hotkey | 12 | |
| Basic commands | 1 | |
| Build / train | 73 | |
| Enter build submenu | 22 | |
| Enter hero's abilities submenu | 3 | |
| Remove unit from queue | 12 | |
| Right click | 561 | |
| Select / deselect | 249 | |
| Select group hotkey | 12 | |
| Use ability | 54 | |
999 total
» units
| Peon | 20 | |
| Grunt | 8 | |
| Troll Headhunter/Berserker | 4 | |
| Wind Rider | 8 | |
| Troll Batrider | 2 | |
42 total
» upgrades
» buildings
| Orc Burrow | 8 | |
| Altar of Storms | 1 | |
| Barracks | 1 | |
| War Mill | 2 | |
| Stronghold | 2 | |
| Watch Tower | 1 | |
| Voodoo Lounge | 1 | |
| Beastiary | 2 | |
| Spirit Lodge | 1 | |
| Fortress | 3 | |
| Great Hall | 4 | |
26 total
» build order
00:13 Orc Burrow
00:28 Altar of Storms
01:11 Barracks
01:43 Orc Burrow
02:27 War Mill
03:14 War Mill
04:15 Stronghold
04:15 Stronghold
04:53 Watch Tower
04:58 Orc Burrow
05:20 Voodoo Lounge
07:22 Beastiary
07:28 Spirit Lodge
07:36 Beastiary
08:04 Fortress
08:05 Fortress
08:05 Fortress
11:54 Great Hall
17:12 Great Hall
19:14 Great Hall
19:52 Orc Burrow
21:05 Orc Burrow
25:18 Great Hall
25:32 Orc Burrow
25:36 Orc Burrow
26:36 Orc Burrow
» items
| Potion of Healing | 2 | |
| Potion of Mana | 1 | |
3 total
UlanDhor (
blue | 59 APM | 2003 actions | 33:46)
7 Blademaster
3 Wind Walk
3 Critical Strike
1 Bladestorm
» actions
| Assign group hotkey | 44 | |
| Basic commands | 277 | |
| Build / train | 93 | |
| Enter build submenu | 29 | |
| Enter hero's abilities submenu | 7 | |
| Give item / drop item | 1 | |
| Remove unit from queue | 5 | |
| Right click | 512 | |
| Select / deselect | 519 | |
| Select group hotkey | 422 | |
| Use ability | 94 | |
2003 total
» units
| Peon | 21 | |
| Grunt | 5 | |
| Wind Rider | 15 | |
| Troll Batrider | 18 | |
59 total
» upgrades
| Armor | 3 | |
| Ranged Weapons | 3 | |
| Troll Regeneration | 1 | |
| Liquid Fire | 1 | |
| Reinforced Defenses | 1 | |
| Envenomed Spears | 1 | |
10 total
» buildings
| Orc Burrow | 6 | |
| Altar of Storms | 1 | |
| Barracks | 1 | |
| Voodoo Lounge | 1 | |
| Stronghold | 1 | |
| War Mill | 2 | |
| Great Hall | 2 | |
| Beastiary | 6 | |
| Fortress | 1 | |
| Watch Tower | 13 | |
34 total
» build order
00:13 Orc Burrow
00:53 Orc Burrow
01:03 Altar of Storms
01:05 Barracks
01:38 Voodoo Lounge
02:49 Stronghold
03:51 War Mill
04:04 Orc Burrow
04:50 Great Hall
05:36 Beastiary
05:37 Beastiary
06:32 Orc Burrow
09:13 Fortress
10:36 Beastiary
11:32 Watch Tower
11:32 Watch Tower
11:34 Watch Tower
14:03 War Mill
14:45 Watch Tower
14:46 Watch Tower
16:31 Great Hall
17:33 Watch Tower
17:33 Watch Tower
17:34 Watch Tower
17:34 Watch Tower
17:35 Watch Tower
17:35 Watch Tower
17:35 Watch Tower
17:37 Watch Tower
17:46 Orc Burrow
17:48 Orc Burrow
19:25 Beastiary
21:06 Beastiary
21:11 Beastiary
» items
| Healing Salve | 2 | |
| Scroll of Town Portal | 2 | |
| Lesser Clarity Potion | 1 | |
| Periapt of Vitality | 1 | |
| Staff of Teleportation | 1 | |
| Scroll of Protection | 1 | |
| Orb of Lightning | 1 | |
9 total
dotardtoddler (
green | 33 APM | 898 actions | 26:52)
2 Dark Ranger
1 Black Arrow
1 Silence
2 Naga Sea Witch
1 Frost Arrows
1 Forked Lightning
» actions
| Assign group hotkey | 18 | |
| Basic commands | 100 | |
| Build / train | 85 | |
| Enter build submenu | 16 | |
| Enter hero's abilities submenu | 4 | |
| Right click | 251 | |
| Select / deselect | 226 | |
| Select group hotkey | 155 | |
| Use ability | 43 | |
898 total
» units
| Wisp | 45 | |
| Archer | 4 | |
| Druid of the Talon | 3 | |
| Dryad | 3 | |
| Glaive Thrower | 1 | |
56 total
» upgrades
| Reinforced Hides | 3 | |
| Strength of the Wild | 2 | |
| Ultravision | 1 | |
| Abolish Magic | 1 | |
| Druid of the Talon Training | 2 | |
| Mark of the Talon | 1 | |
| Vorpal Blades | 1 | |
| Strength of the Moon | 1 | |
12 total
» buildings
| Moon Well | 10 | |
| Ancient of War | 2 | |
| Altar of Elders | 1 | |
| Ancient of Wonders | 1 | |
| Tree of Ages | 1 | |
| Hunter's Hall | 1 | |
| Tree of Eternity | 1 | |
| Ancient of Lore | 1 | |
| Ancient of Wind | 1 | |
| Tree of Life | 3 | |
22 total
» build order
01:33 Moon Well
02:13 Ancient of War
02:28 Altar of Elders
02:42 Ancient of Wonders
02:59 Ancient of War
03:25 Moon Well
03:42 Moon Well
04:48 Moon Well
04:49 Moon Well
04:51 Moon Well
04:52 Moon Well
04:53 Moon Well
06:24 Tree of Ages
07:03 Hunter's Hall
11:27 Moon Well
11:29 Moon Well
14:17 Tree of Eternity
15:13 Ancient of Lore
16:36 Ancient of Wind
20:06 Tree of Life
21:54 Tree of Life
22:24 Tree of Life
» items
| Dust of Appearance | 1 | |
| Scroll of Protection | 2 | |
| Scroll of Healing | 2 | |
| Scroll of Speed | 1 | |
| Scroll of Town Portal | 1 | |
7 total

»
cmurdaa (
teal | 50 APM | 1681 actions | 33:45)
5 Shadow Hunter
2 Hex
3 Healing Wave
3 Blademaster
2 Critical Strike
1 Wind Walk
» actions
| Assign group hotkey | 14 | |
| Build / train | 66 | |
| Enter build submenu | 19 | |
| Enter hero's abilities submenu | 8 | |
| Give item / drop item | 1 | |
| Right click | 631 | |
| Select / deselect | 344 | |
| Select group hotkey | 538 | |
| Use ability | 60 | |
1681 total
» units
| Peon | 21 | |
| Troll Headhunter/Berserker | 12 | |
| Wind Rider | 6 | |
| Demolisher | 3 | |
42 total
» upgrades
| Ranged Weapons | 3 | |
| Armor | 1 | |
| Berserker Upgrade | 1 | |
| Burning Oil | 1 | |
6 total
» buildings
| Orc Burrow | 7 | |
| War Mill | 1 | |
| Barracks | 3 | |
| Altar of Storms | 1 | |
| Stronghold | 1 | |
| Voodoo Lounge | 1 | |
| Great Hall | 3 | |
| Beastiary | 2 | |
| Fortress | 1 | |
20 total
» build order
00:15 Orc Burrow
00:28 War Mill
00:57 Barracks
01:11 Altar of Storms
01:59 Orc Burrow
04:35 Stronghold
04:38 Orc Burrow
04:43 Voodoo Lounge
05:45 Great Hall
06:49 Orc Burrow
07:51 Beastiary
07:53 Beastiary
07:56 Fortress
11:54 Orc Burrow
13:32 Orc Burrow
15:17 Great Hall
16:52 Orc Burrow
20:46 Barracks
20:47 Barracks
21:04 Great Hall
» items
| Orb of Lightning | 1 | |
| Scroll of Town Portal | 2 | |
| Lesser Clarity Potion | 1 | |
4 total
Chat log
(01:07 / Allies) dotardtoddler: hey
(01:08 / Allies) dotardtoddler: sorry
(01:14 / Allies) dotardtoddler: i am the asshole
(01:16 / Allies) yamom: its cool
(01:36 / Allies) dotardtoddler: plans?
(01:40 / Allies) yamom: cc
(01:44 / Allies) dotardtoddler: ok
(01:46 / Allies) UlanDhor: bat or wyvs
(01:52 / Allies) UlanDhor: depending
(01:52 / Allies) dotardtoddler: dark ranger arch to start here dry dot after
(01:54 / Allies) yamom: i was gonna go shaman/wyvs
(02:28 / Allies) UlanDhor: I'm gonna expo there
(04:08 / Allies) yamom: i said we hit
(04:39 / Allies) yamom: can we hit pink ?
(04:45 / Allies) dotardtoddler: ok let me get speed
(05:07 / Allies) dotardtoddler: oh you no have shop
(07:30 / Allies) dotardtoddler: fuck me ok
(07:30 / All) Let'sgodumb: thanks for visiting
(07:34 / All) astronautben: wtf wwas this?
(07:46 / All) astronautben: you hit me while invuln?
(09:13 / Allies) dotardtoddler: mort
(09:17 / Allies) UlanDhor: gold?
(09:23 / Allies) UlanDhor: repair
(09:24 / Allies) UlanDhor: mass repair
(09:26 / Allies) UlanDhor: mass repair
(09:58 / Allies) UlanDhor: lead
(10:00 / Allies) UlanDhor: and kill gyro
(10:06 / Allies) UlanDhor: go in base
(10:19 / Allies) yamom: gold ?
(11:08 / Allies) yamom: gold ?
(11:48 / Allies) UlanDhor: come
(11:54 / Allies) UlanDhor: klets take him out fast
(12:12 / Allies) dotardtoddler: with me yellow?
(15:32 / Allies) yamom: green get some aa or dradys
(15:41 / Allies) dotardtoddler: try thanks
(16:22 / Allies) yamom: gold to rebuild please
(16:49 / Allies) UlanDhor: lumber
(17:01 / Allies) yamom: 100gold plz
(17:50 / Allies) dotardtoddler: way to hang in there guys thank you
(19:06 / Allies) yamom: 100gold ?
(21:11 / Allies) dotardtoddler: ok so now what?
(22:38 / Allies) dotardtoddler: ???
(22:55 / Allies) dotardtoddler: h hmmmmm
(22:57 / Allies) dotardtoddler: ok
(23:26 / Allies) UlanDhor: Nothing personal boys, just business
(23:55 / Allies) dotardtoddler: i don't get it
(24:49 / Allies) yamom: why blye ?
(25:13 / All) dotardtoddler: trolls idiots and assholes
(25:16 / All) Raptors: gg
(25:45 / All) dotardtoddler: i just don't get it
(25:51 / All) Raptors: get what
(25:53 / All) UlanDhor: NOTHING PERSONAL
(25:55 / All) UlanDhor: JUST BUSINESS
(26:01 / All) UlanDhor: Red is my business associate
(26:01 / All) dotardtoddler: fucking tk dumbass trolls like blue
(26:09 / All) dotardtoddler: trolls idiots and assholes
(26:14 / Allies) dotardtoddler: i will be looking for you blue
(26:26 / Allies) yamom: gold ?
(26:29 / Allies) dotardtoddler: your name is memorable thanks fucker keep on trolling
(26:35 / All) UlanDhor: Keep looking, when the sun is old and dying then you'll spot me
(26:49 / Allies) dotardtoddler: thanks fucker keep on trolling
(27:43 / All) UlanDhor: yellow coming in
(27:44 / All) UlanDhor: hot
(27:46 / All) UlanDhor: on your 3
(31:02 / All) Raptors: gg
(31:04 / All) Raptors: I earned this win
(31:09 / All) UlanDhor: gg I had noob allies
(31:17 / All) Raptors: you were only good player on ur team
(31:21 / All) UlanDhor: thx
(31:25 / All) UlanDhor: noobs ruin my record
(33:07 / All) UlanDhor: any last words, fellas?
(33:36 / All) UlanDhor: S'pose not